 Dungeon Crawl Stone Soup version 0.29.1-15-g9cfb28693d (webtiles) character file.

Game seed: 17809531393146907379

7 Alturiack the Conjurer (level 2, 0/20 HPs)
             Began as a Barachi Conjurer on Apr 10, 2023.
             Slain by a jackal (1 damage)
             ... on level 1 of the Dungeon.
             The game lasted 00:01:23 (377 turns).

Alturiack the Conjurer (Barachi Conjurer)            Turns: 377, Time: 00:01:23

Health: 0/20       AC:  2    Str:  8    XL:     2   Next: 4%
Magic:  1/5        EV: 12    Int: 18    God:
Gold:   5          SH:  0    Dex: 10    Spells: 4/5 levels left

rFire   . . .      SeeInvis .   (no weapon)
rCold   . . .      Faith    .   (no shield)
rNeg    . . .      Spirit   .   a - +0 robe
rPois   .          Reflect  .   (no helmet)
rElec   .          Harm     .   (no cloak)
rCorr   .          Rampage  .   (no gloves)
Will    .....                   (no boots)
Stlth   ++........              (no amulet)
HPRegen 0.06/turn               (no ring)
MPRegen 0.09/turn               (no ring)

@: slow
A: amphibious, slowness 1, strong legs 1, +LOS
a: Hop


You were on level 1 of the Dungeon.
You visited 1 branch of the dungeon, and saw 1 of its levels.

You collected 5 gold pieces.

Inventory:

Armour
 a - a +0 robe (worn)
Scrolls
 c - 2 scrolls of teleportation {unknown}
Potions
 b - a potion of magic


   Skills:
 * Level 0.6 Fighting
 * Level 0.6 Armour
 * Level 2.3 Dodging
 - Level 1.7 Stealth
 * Level 2.3 Spellcasting
 * Level 4.4 Conjurations


You had 4 spell levels left.
You knew the following spells:

 Your Spells              Type           Power      Damage    Failure   Level
a - Magic Dart            Conj           72%        1d6       2%          1

Your spell library contained the following spells:

 Spells                   Type           Power      Damage    Failure   Level
 Searing Ray              Conj           36%        2d5       4%          2
 Dazzling Flash           Conj/Hex       20%        N/A       22%         3
 Fulminant Prism          Conj/Hex       5%         3d7       56%         4
 Iskenderun's Mystic Bla  Conj/Tloc      10%        2d4       56%         4


Dungeon Overview and Level Annotations

Branches:
Dungeon (1/15)

Altars:


Innate Abilities, Weirdness & Mutations

You are amphibious.
You cover ground slowly.
You can hop short distances.
You have an extended range of vision and can be seen from far away.


Message History

Aim: a hobgoblin (100% to hit)
The magic dart hits the jackal.
You kill the jackal!
You have reached level 2!
Unknown command.
The jackal bites you. The jackal attacks as you move away!
The jackal barely misses you. The jackal misses you.
The jackal attacks as you move away! The jackal closely misses you.
The jackal bites you.
Your magical contamination has completely faded away.
The jackal bites you. The jackal misses you.
You hit the jackal but do no damage. The jackal bites you. x2
You barely miss the jackal. The jackal closely misses you.
The jackal misses you.
You barely miss the jackal. The jackal closely misses you.
The jackal barely misses you. The jackal bites you.
* * * LOW HITPOINT WARNING * * *
You barely miss the jackal. The jackal misses you.
The jackal closely misses you. x2
You barely miss the jackal. The jackal bites you.
* * * LOW HITPOINT WARNING * * *
The jackal closely misses you. The jackal bites you.
* * * LOW HITPOINT WARNING * * *
You closely miss the jackal.
The jackal bites you but does no damage.
The jackal bites you.
* * * LOW HITPOINT WARNING * * *
The jackal barely misses you.
You hit the jackal but do no damage.
The jackal bites you but does no damage.
The jackal closely misses you.
You closely miss the jackal. Your punch misses the jackal.
The jackal bites you but does no damage.
The jackal barely misses you. The jackal bites you.
* * * LOW HITPOINT WARNING * * *
You closely miss the jackal. The jackal barely misses you. x3
You hit the jackal but do no damage. The jackal bites you.
You die...

#.##.##.#.# #
#.†..##.#.#####
#.#...........#
#...#####......
#..## #h.##.# #..#
#..##.# #..#
#..##..
####..######..##.#
#@hg..........##..
#h##..#####.......
#.##..#####.####.#
#.##.....#.......#
#.###.#...........
#.# #.##.#..######
#.###.####..#
#...........######
#####.............


You could see 2 jackals and a hobgoblin.

Vanquished Creatures
  A ball python (D:1)
  A jackal (D:1)
  3 bats (D:1)
  A goblin (D:1)
  2 kobolds (D:1)
8 creatures vanquished.

Notes
Turn   | Place    | Note
-------+----------+-------------------------------------------
     0 | D:1      | Alturiack the Barachi Conjurer began the quest for the Orb.
     0 | D:1      | Reached XP level 1. HP: 13/13 MP: 3/3
    53 | D:1      | Found a faded altar of an unknown god.
   360 | D:1      | Reached XP level 2. HP: 16/20 MP: 0/5
   375 | D:1      | HP: 1/20 [jackal (1)]
   377 | D:1      | Slain by a jackal

Illustrated notes

Levels and vault maps discovered:
D:1:      minmay_arrival_jagged, layout_loops_ring,
          shapermc_ecumenical_altar_mp_highgroup, hangedman_decor_points

Action                   || total
-------------------------++-------
Melee: Unarmed           ||    10
 Cast: Magic Dart        ||    13
Armor: Robe              ||     6
Dodge: Dodged            ||    25
